 Dungeon Crawl Stone Soup version 0.18-a0-373-gaf408bd (webtiles) character file.

175 George the Poker (level 5, -5/41 HPs)
             Began as a Formicid Fighter on Nov 29, 2015.
             Slain by an iguana (8 damage)
             ... on level 4 of the Dungeon.
             The game lasted 00:04:16 (2302 turns).

George the Poker (Formicid Fighter)                 Turns: 2302, Time: 00:04:16

Health: -5/41      AC:  6    Str: 22    XL:     5   Next: 85%
Magic:  5/5        EV:  8    Int:  7    God:
Gold:   178        SH:  9    Dex: 10    Spells: 0 memorised, 4 levels left

rFire  . . .     SeeInvis +     a - +0 trident
rCold  . . .     Clarity  .     b - +0 scale mail
rNeg   . . .     SustAt   .     c - +0 shield
rPois  .         Gourm    .     (helmet unavailable)
rElec  .         Spirit   .     (no cloak)
rCorr  .         Warding  .     (no gloves)
rMut   .         Stasis   +     (no boots)
MR     .....                    (no amulet)
Stlth  ..........               (no ring)
                                (no ring)

@: not resistant to hostile enchantments, extremely unstealthy
A: permanent stasis, dig shafts and tunnels, four strong arms, antennae 3
a: Dig, Shaft Self


You were on level 4 of the Dungeon.
You were hungry.

You visited 1 branch of the dungeon, and saw 4 of its levels.

You collected 178 gold pieces.

Inventory:

Hand Weapons
 a - a +0 trident (weapon)
Armour
 b - a +0 scale mail (worn)
 c - a +0 shield (worn)
Scrolls
 g - 4 scrolls of amnesia {unknown}
 h - 2 scrolls of noise {unknown}
 i - a scroll of remove curse {unknown}
 j - 3 scrolls of magic mapping {unknown}
 k - 2 scrolls of identify {unknown}
 l - 2 scrolls of enchant weapon {unknown}
 m - a scroll of teleportation {unknown}
 t - a scroll of blinking {unknown}
Potions
 d - 2 potions of might
 n - a potion of curing
 p - a potion of ambrosia {unknown}
 q - a potion of poison {unknown}
 s - a potion of haste {unknown}
 v - a potion of brilliance {unknown}
 w - a potion of flight {unknown}
Comestibles
 e - 2 bread rations
 f - 2 meat rations
 u - 4 fruits


   Skills:
 - Level 3.2 Fighting
 + Level 5.6 Polearms
 - Level 3.2 Armour
 - Level 3.6 Shields


You had 4 spell levels left.
You didn't know any spells.

Dungeon Overview and Level Annotations

Branches:
Dungeon (4/15)
 Temple: D:4-7

Altars:
Elyvilon


Innate Abilities, Weirdness & Mutations

You are under a permanent stasis effect.
You can dig through walls and to a lower floor.
Your four strong arms can wield two-handed weapons with a shield.
You have a pair of large antennae on your head (SInv).


Message History

The iguana is almost dead.
The iguana bites you!
You are too injured to fight recklessly!
You are too injured to fight recklessly!
You are too injured to fight recklessly!
You hit the iguana but do no damage.
The iguana is almost dead.
The iguana bites you!
* * * LOW HITPOINT WARNING * * *
You closely miss the iguana.
The iguana is almost dead.
The iguana misses you. The iguana closely misses you.
You barely miss the iguana.
The iguana is almost dead.
The iguana bites you.
* * * LOW HITPOINT WARNING * * *
You hit the iguana but do no damage.
The iguana is almost dead.
The iguana bites you!
You die...

#.# #.# #.#
######## #.#
#......# ...
#.####.# #.#
#.####.# #l#
.....#.# #@#
#.##.#.#########.#
#.##.............#
#...<..###########
########


You could see an iguana.

Vanquished Creatures
  Terence (D:3)
  5 adders
  4 oozes
  A worm (D:3)
  7 giant geckos
  2 orcs (D:3)
  A ball python (D:1)
  6 giant cockroaches
  9 hobgoblins
  3 jackals (D:2)
  7 kobolds
  A quokka (D:2)
  5 bats
  A giant newt (D:3)
  10 goblins
  12 rats
75 creatures vanquished.

Notes
Turn   | Place    | Note
--------------------------------------------------------------
     0 | D:1      | George the Formicid Fighter began the quest for the Orb.
     0 | D:1      | Reached XP level 1. HP: 18/18 MP: 1/1
    36 | D:1      | Reached XP level 2. HP: 12/24 MP: 2/2
   296 | D:1      | Reached XP level 3. HP: 29/29 MP: 3/3
   681 | D:2      | Reached XP level 4. HP: 35/35 MP: 4/4
   707 | D:2      | Reached skill level 4 in Polearms
   729 | D:2      | Found a white marble altar of Elyvilon.
  1423 | D:2      | Reached XP level 5. HP: 29/41 MP: 5/5
  1565 | D:3      | Found a faded altar to an unknown god.
  1653 | D:3      | Reached skill level 5 in Polearms
  1770 | D:3      | Noticed Terence
  1796 | D:3      | Killed Terence
  2302 | D:4      | Slain by an iguana

Vault maps used:
D:1:      lightli_arrival_noodles
D:2:      elyvilon_altar_3, first_bread, bh_walls_and_bars
D:3:      ecumenical_altar_2, uniq_terence

Action                   |  1- 3 |  4- 6 || total
-------------------------+-------+-------++-------
Melee: Trident           |    64 |   196 ||   260
  Eat: Chunk             |       |     4 ||     4
